 Dungeon Crawl Stone Soup version 0.16.2-12-gd0ad4c3 (webtiles) character file.

10 Freud the Magician (level 2, 9/17 HPs)
             Began as an Octopode Wizard on Sept 23, 2015.
             Quit the game on level 1 of the Dungeon.
             The game lasted 00:05:33 (532 turns).

Freud the Magician (Octopode Wizard)                 Turns: 532, Time: 00:05:33

Health: 9/17       AC:  2    Str:  6    XL:     2   Next: 20%
Magic:  6/6        EV: 12    Int: 20    God:
Gold:   17         SH:  0    Dex: 10    Spells: 1 memorised, 6 levels left

rFire  . . .     SeeInvis .     g - -3 dagger (curse)
rCold  . . .     Clarity  .     (no shield)
rNeg   . . .     SustAb   .     b - +1 hat
rPois  .         Gourm    .     (no amulet)
rElec  .         Spirit   .     (no ring)
rCorr  .         Warding  .     (no ring)
rMut   .         Stasis   .     (no ring)
MR     .....                    (no ring)
Stlth  +++.......               (no ring)
                                (no ring)
                                (no ring)
                                (no ring)

@: not resistant to hostile enchantments, fairly stealthy
A: almost no armour, amphibious, 8 rings, constrict 8, camouflage 1, gelatinous
body 1
a: no special abilities


You were on level 1 of the Dungeon.
You were not hungry.

You visited 1 branch of the dungeon, and saw 1 of its levels.

You collected 17 gold pieces.

Inventory:

Hand weapons
 g - a cursed -3 dagger (weapon)
 j - a cursed -3 short sword
 m - a +0 hunting sling
Armour
 b - a +1 hat (worn)
Potions
 i - 2 potions of brilliance
Books
 c - a book of Minor Magic

   Spells                             Type                      Level
   a - Magic Dart                     Conjuration                  1
   b - Blink                          Translocation                2
   c - Call Imp                       Summoning                    2
   d - Repel Missiles                 Charms/Air                   2
   e - Slow                           Hexes                        2
   f - Conjure Flame                  Conjuration/Fire             3
   g - Mephitic Cloud                 Conjuration/Poison/Air       3
Comestibles
 d - a bread ration
 f - 2 chunks of flesh


   Skills:
 - Level 2.0 Dodging
 - Level 3.0 Stealth
 * Level 3.3 Spellcasting
 + Level 1.2 Conjurations
   Level 1.0 Summonings
   Level 1.0 Translocations


You had 6 spell levels left.
You knew the following spells:

 Your Spells              Type           Power        Failure   Level  Hunger
a - Magic Dart            Conj           #...         10%         1    None


Dungeon Overview and Level Annotations

Branches:
Dungeon (1/15)

Altars:


Innate Abilities, Weirdness & Mutations

You cannot wear most types of armour.
You are amphibious.
You can wear up to eight rings at the same time.
You can use your tentacles to constrict many enemies at once.
Your skin changes colour to match your surroundings (Stealth).
Your rubbery body absorbs attacks (AC +1).


Message History

It was a scroll of noise.
Read which item? (? for menu, Esc to quit)
As you read the scroll labeled WUD ULAOLA, it crumbles to dust.
You feel strangely unstable.
It was a scroll of teleportation.
Your surroundings suddenly seem different.
Read which item? (? for menu, Esc to quit)
As you read the scroll labeled JEREST WEXETI, it crumbles to dust.
It is a scroll of enchant armour.
Enchant which item? (? for menu, Esc to quit)
Your +0 hat glows green for a moment.
Read which item? (? for menu, Esc to quit)
As you read the scroll labeled BLAMEN DEIHIM, it crumbles to dust.
It is a scroll of identify.
Identify which item? (\ to view known items) (? for menu, Esc to quit)
i - 2 potions of brilliance Read which item? (? for menu, Esc to quit)
As you read the scroll labeled PSECEKHO DONU, it crumbles to dust.
It is a scroll of recharging.
You aren't carrying any rechargeable items.
Are you sure you want to abandon this character and quit the game? (Confirm with "yes".)

#.#.# ###########.#
#.#.# #...........#
#.#.# #.#########.#
#.#.# #.# #.# #.#.#
#.#########.#
#.#.###............
#.#.....###.......#
#.#####.# #.#######
####.@...#.###.#
#............#.#
#.#######....#.#######
#.# #...>...........
#.# #.#.#....#######
#)# #.#.##.### # #.#
#.#.##.## # #.#
#.#.....# # #.#
#.####### #


There were no monsters in sight!

Vanquished Creatures
  2 bats (D:1)
  3 goblins (D:1)
  2 hobgoblins (D:1)
  2 rats (D:1)
9 creatures vanquished.

Notes
Turn   | Place    | Note
--------------------------------------------------------------
     0 | D:1      | Freud, the Octopode Wizard, began the quest for the Orb.
     0 | D:1      | Reached XP level 1. HP: 11/11 MP: 4/4
     1 | D:1      | Noticed a spriggan skeleton
     6 | D:1      | Noticed a spriggan skeleton
    10 | D:1      | Noticed an elf skeleton
    10 | D:1      | Noticed a minotaur skeleton
    12 | D:1      | Noticed a merfolk skeleton
    13 | D:1      | Noticed a centaur skeleton
    16 | D:1      | Noticed an elf skeleton
    16 | D:1      | Noticed a spriggan skeleton
    19 | D:1      | Noticed a human skeleton
   346 | D:1      | Reached XP level 2. HP: 1/17 MP: 4/6
   532 | D:1      | Quit the game

Action                   || total
-------------------------++-------
Melee: Dagger            ||     7
 Cast: Magic Dart        ||    13
  Use: Scroll            ||     5
 Stab: Sleeping          ||     1
